 Dungeon Crawl Stone Soup version 0.18-a0-844-g9229740 (webtiles) character file.

143 Proton the Insei (level 5, -4/28 HPs)
             Began as a Vine Stalker Monk on Dec 19, 2015.
             Slain by a giant frog (6 damage)
             ... on level 4 of the Dungeon.
             The game lasted 00:04:00 (1858 turns).

Proton the Insei (Vine Stalker Monk)                Turns: 1858, Time: 00:04:00

Health: -4/28      AC:  3    Str: 15    XL:     5   Next: 25%
Magic:  0/6        EV: 12    Int: 10    God:
Gold:   115        SH:  0    Dex: 16    Spells: 0 memorised, 4 levels left

rFire  . . .     SeeInvis .       - Unarmed
rCold  + . .     Gourm    .     a - +0 robe
rNeg   . . .     Faith    .     (no shield)
rPois  .         Spirit   +     (no helmet)
rElec  .         Dismiss  .     (no cloak)
rCorr  .         Reflect  .     (no gloves)
SustAt .         Harm     .     k - +0 pair of boots
MR     .....                    (no amulet)
Stlth  ++........               h - ring of protection from fire
                                c - ring of ice

@: heavily drained, not resistant to hostile enchantments, unstealthy
A: fangs 2, regeneration 1, magic shield, antimagic bite, no device heal 3, rot
immunity
a: no special abilities


You were on level 4 of the Dungeon.
You were not hungry.

You visited 1 branch of the dungeon, and saw 4 of its levels.

You collected 115 gold pieces.

Inventory:

Armour
 a - a +0 robe (worn)
 k - a +0 pair of boots (worn)
Jewellery
 c - a ring of ice (left hand)
 h - a ring of protection from fire (right hand)
Scrolls
 d - 4 scrolls of remove curse {unknown}
 e - a scroll of teleportation {unknown}
 g - a scroll of blinking {unknown}
 i - a scroll of amnesia {unknown}
 l - 3 scrolls of fog {unknown}
 m - a scroll of enchant armour {unknown}
 n - a scroll of fear {unknown}
 q - 3 scrolls of magic mapping {unknown}
Potions
 f - 3 potions of curing {unknown}
 o - a potion of haste {unknown}
 p - 2 potions of poison {unknown}
Books
 j - a book of Ice

   Spells                             Type                      Level
   a - Ice Form                       Ice/Transmutation            4
   b - Metabolic Englaciation         Hexes/Ice                    5
   c - Ozocubu's Refrigeration        Ice                          6
   d - Bolt of Cold                   Conjuration/Ice              6
   e - Freezing Cloud                 Conjuration/Ice/Air          6
   f - Simulacrum                     Ice/Necromancy               6
Comestibles
 b - 3 bread rations


   Skills:
 + Level 3.3(1.7) Fighting
 + Level 1.2(0.0) Armour
 + Level 3.2(1.7) Dodging
 - Level 2.4(0.9) Stealth
 * Level 5.0(3.4) Unarmed Combat


You had 4 spell levels left.
You didn't know any spells.

Dungeon Overview and Level Annotations

Branches:
Dungeon (4/15)
 Temple: D:4-7

Altars:

Annotations:
D:3 Yendor's ghost, amateur DsGl


Innate Abilities, Weirdness & Mutations

You have extremely sharp teeth.
Your natural rate of healing is unusually fast.
When hurt, damage is shared between your health and your magic reserves.
Your bite disrupts and absorbs the magic of your enemies.
Potions and wands cannot restore your health.
You are immune to rotting.


Message History

The giant frog is lightly wounded.
The giant frog closely misses you. The giant frog hits you!
* * * LOW HITPOINT WARNING * * *
You closely miss the giant frog. Your bite misses the giant frog.
The giant frog is lightly wounded.
The giant frog hits you.
* * * LOW HITPOINT WARNING * * *
You closely miss the giant frog.
The giant frog is lightly wounded.
The giant frog hits you.
* * * LOW HITPOINT WARNING * * *
The giant frog hits you.
* * * LOW HITPOINT WARNING * * *
The giant frog hits you.
* * * LOW HITPOINT WARNING * * *
The giant frog misses you. The giant frog hits you.
* * * LOW HITPOINT WARNING * * *
The giant frog hits you.
You die...

#.# #.# #.# #.# #.#
#####.# ###.:...###
#.......F.#
##.....###@#
#.......##.# ##
##......##.####...##
#..........<.......
#......##.####.####
#.#...###.# #.##.##
#.# #. #.# #.# ...
..#


You could see a giant frog.

Vanquished Creatures
  Jessica (D:3)
  5 adders (D:2)
  A gnoll (D:2)
  An ooze (D:2)
  A worm (D:2)
  A giant gecko (D:1)
  An orc (D:3)
  4 giant cockroaches
  3 hobgoblins
  3 jackals (D:3)
  8 kobolds
  5 quokkas
  A ball python (D:1)
  5 bats
  2 giant newts
  8 goblins
  4 rats
54 creatures vanquished.

Notes
Turn   | Place    | Note
--------------------------------------------------------------
     0 | D:1      | Proton the Vine Stalker Monk began the quest for the Orb.
     0 | D:1      | Reached XP level 1. HP: 11/11 MP: 2/2
   248 | D:1      | Reached XP level 2. HP: 10/16 MP: 3/3
   649 | D:2      | Reached XP level 3. HP: 20/20 MP: 4/4
   779 | D:2      | Reached skill level 1 in Armour
   939 | D:2      | Reached XP level 4. HP: 24/24 MP: 5/5
  1396 | D:3      | Noticed Jessica
  1408 | D:3      | Killed Jessica
  1408 | D:3      | Reached XP level 5. HP: 14/28 MP: 6/6
  1739 | D:3      | Noticed Yendor's ghost (amateur DsGl)
  1781 | D:2      | Reached skill level 5 in Unarmed Combat
  1856 | D:4      | HP: 1/28 [giant frog (2)]
  1858 | D:4      | Slain by a giant frog

Vault maps used:
D:1:      elethiomel_arrival_shortcut
D:2:      corexii_leaking_fountain, minmay_vboxes
D:3:      amethyst_overflow_temple_binary, kennysheep_jessica_study
D:4:      lemuel_zombie_altar_yredelemnul, feat_on_display, uniq_duvessa

Action                   |  1- 3 |  4- 6 || total
-------------------------+-------+-------++-------
Melee: Unarmed           |    98 |   100 ||   198
 Stab: Sleeping          |       |     3 ||     3
  Eat: Beef jerky        |       |     1 ||     1
       Meat ration       |       |     1 ||     1
